 Dungeon Crawl Stone Soup version 0.23.1 (webtiles) character file.

Game seed: 0

179 night the Insei (level 5, -1/39 HPs)
             Began as a Demonspawn Gladiator on Mar 6, 2019.
             Slain by Grinder (2 damage)
             ... on level 3 of the Dungeon.
             The game lasted 00:10:07 (3517 turns).

night the Insei (Demonspawn Gladiator)              Turns: 3517, Time: 00:10:07

Health: -1/39      AC:  9    Str: 19    XL:     5   Next: 33%
Magic:  5/5        EV: 11    Int: 11    God:
Gold:   131        SH:  0    Dex: 14    Spells: 4/4 levels left

rFire    . . .     SeeInvis +     - Unarmed
rCold    . . .     Gourm    .   (no shield)
rNeg     . . .     Faith    .   h - +0 scale mail
rPois    .         Spirit   .   (helmet restricted)
rElec    .         Reflect  .   (no cloak)
rCorr    .         Harm     .   (no gloves)
MR       .....                  p - +0 pair of boots
Stlth    ..........             l - amulet of inaccuracy (curse)
HPRegen  0.13/turn              e - ring of attention (curse)
MPRegen  0.09/turn              n - ring of see invisible

@: mighty, hasted, very quick
A: horns 1, icy blue scales 1
a: no special abilities


You were on level 3 of the Dungeon.
You were hungry.

You visited 1 branch of the dungeon, and saw 3 of its levels.

You collected 131 gold pieces.

Inventory:

Missiles
 c - 3 throwing nets (quivered)
 f - 73 stones
 g - 60 bolts
 j - 23 sling bullets
Armour
 b - a +0 helmet
 h - a +0 scale mail (worn)
 p - a +0 pair of boots (worn)
Jewellery
 e - a cursed ring of attention (left hand)
 l - a cursed amulet of inaccuracy (around neck)
 m - an uncursed ring of fire
 n - a ring of see invisible (right hand)
Scrolls
 a - a scroll of enchant armour
 i - a scroll of identify
 o - a scroll of teleportation
Potions
 k - a potion of cancellation
Comestibles
 d - 2 rations


   Skills:
 + Level 2.5 Fighting
 + Level 1.8 Throwing
 + Level 1.7 Armour
 + Level 3.4 Dodging
 + Level 0.4 Stealth
 + Level 4.2 Unarmed Combat


You had 4 spell levels left.
You didn't know any spells.
Your spell library was empty.

Dungeon Overview and Level Annotations

Branches:
Dungeon (3/15)

Altars:
Fedhas

Annotations:
D:3 Grinder


Innate Abilities, Weirdness & Mutations

You have a pair of small horns on your head.
You are partially covered in icy blue scales. (AC +2)


Message History

Grinder gestures at you. You resist with significant effort.
You closely miss Grinder.
Grinder is lightly wounded.
The orc hits you but does no damage.
Your scale mail prevents you from hitting Grinder.
Grinder is lightly wounded.
Grinder hits you.
* * * LOW HITPOINT WARNING * * *
You writhe in agony.
* * * LOW HITPOINT WARNING * * *
You closely miss Grinder.
Grinder is lightly wounded.
The orc hits you but does no damage.
You closely miss Grinder. You headbutt Grinder! Your punch misses Grinder.
Grinder is moderately wounded.
Grinder hits you.
* * * LOW HITPOINT WARNING * * *
You writhe in agony.
You die...

..........# #. ##.##........
#.........# .. #..##........
#.......).####. ##.###........
.......#####.#.##..........[..
........ ###........##........
...... ...........##........
...... #........##########
###### ..#........# .###
......o@...# ...# ......5.#.##
...... ##.......... .....#
##.....####.. ...... ........
.# .##### ......... # .#
####..... .# ....... #


You could see Grinder and an orc.

Vanquished Creatures
  An orc wizard (D:3)
  Terence (D:3)
  3 adders
  4 oozes
  A worm (D:2)
  A dart slug (D:3)
  2 leopard geckos
  6 orcs (D:3)
  7 bats
  2 giant cockroaches (D:1)
  12 goblins
  7 hobgoblins
  4 jackals (D:2)
  8 frilled lizards
  8 kobolds
  A leopard gecko zombie (D:3)
  8 rats
76 creatures vanquished.

Notes
Turn   | Place    | Note
-------+----------+-------------------------------------------
     0 | D:1      | night the Demonspawn Gladiator began the quest for the Orb.
     0 | D:1      | Reached XP level 1. HP: 16/16 MP: 1/1
   186 | D:1      | Gained mutation: You have a pair of small horns on your
                  | head. [demonic ancestry]
   186 | D:1      | Reached XP level 2. HP: 8/22 MP: 2/2
   449 | D:1      | Reached skill level 3 in Unarmed Combat
  1181 | D:1      | Reached XP level 3. HP: 26/27 MP: 3/3
  1304 | D:1      | Reached skill level 1 in Armour
  2076 | D:2      | Gained mutation: You are partially covered in icy blue
                  | scales. (AC +2) [demonic ancestry]
  2076 | D:2      | Reached XP level 4. HP: 22/33 MP: 4/4
  2471 | D:2      | Found a blossoming altar of Fedhas.
  2614 | D:3      | Noticed Terence
  2942 | D:3      | Killed Terence
  3157 | D:3      | Reached XP level 5. HP: 39/39 MP: 5/5
  3207 | D:3      | Reached skill level 4 in Unarmed Combat
  3479 | D:3      | Noticed Grinder
  3482 | D:3      | Paralysed by Grinder for 3 turns
  3517 | D:3      | HP: 1/39 [Grinder (2)]
  3517 | D:3      | Slain by Grinder

Skill      XL: |  1  2  3  4  5 |
---------------+----------------+-----
Unarmed Combat | 3 4 |  4.2
Dodging        | 3 |  3.4
Armour         | 1 |  1.7
Fighting       | |  2.5
Throwing       | |  1.8
Stealth        | |  0.4

Action                   |  1- 3 |  4- 6 || total
-------------------------+-------+-------++-------
Melee: Unarmed           |   199 |   220 ||   419
       Headbutt          |    30 |    37 ||    67
       Punch             |     1 |     1 ||     2
  Use: Scroll            |     6 |     1 ||     7
       Potion            |       |     2 ||     2
  Eat: Chunk             |     4 |     4 ||     8
Armor: Leather armour    |    48 |    27 ||    75
       Scale mail        |       |    34 ||    34
Dodge: Dodged            |   117 |   132 ||   249
